 Dungeon Crawl Stone Soup version 0.20.0-10-g0535bb4 (console) character file.

317 Cab the Grave Robber (level 6, 0/41 HPs)
             Began as a Demonspawn Necromancer on June 4, 2017.
             Slain by a hound (1 damage)
             ... on level 5 of the Dungeon.
             The game lasted 00:17:35 (3568 turns).

Cab the Grave Robber (Demonspawn Necromancer)       Turns: 3568, Time: 00:17:36

Health: 0/41       AC:  3    Str:  8    XL:     6   Next: 20%
Magic:  1/9        EV: 11    Int: 19    God:
Gold:   211        SH:  3    Dex: 13    Spells: 2/9 levels left

rFire    . . .     SeeInvis .   i - +2 dagger (venom)
rCold    . . .     Gourm    .   s - +0 buckler
rNeg     . . .     Faith    .   a - +0 robe
rPois    .         Spirit   .   r - +0 helmet
rElec    .         Reflect  .   (no cloak)
rCorr    .         Harm     .   (no gloves)
MR       .....                  (no boots)
Stlth    ++........             (no amulet)
Regen    0.2/turn               (no ring)
MPRegen  0.2/turn               (no ring)

@: very slightly contaminated, drained
A: claws 1
a: no special abilities


You were on level 5 of the Dungeon.
You were not hungry.

You visited 1 branch of the dungeon, and saw 5 of its levels.

You collected 211 gold pieces.

Inventory:

Hand Weapons
 i - a +2 dagger of venom (weapon)
Armour
 a - a +0 robe (worn)
 r - a +0 helmet (worn)
 s - a +0 buckler (worn)
Scrolls
 d - a scroll of enchant weapon {unknown}
 e - 2 scrolls of identify
 g - a scroll of magic mapping {unknown}
 h - a scroll of enchant armour {unknown}
 j - 2 scrolls of recharging {unknown}
 l - 2 scrolls of remove curse {unknown}
 o - 3 scrolls of noise {unknown}
 t - a scroll of teleportation {unknown}
 x - a scroll of amnesia {unknown}
Potions
 f - a potion of curing
 k - 2 potions of might
 p - a potion of magic {unknown}
 q - a potion of resistance {unknown}
 v - a potion of brilliance {unknown}
 w - a potion of ambrosia {unknown}
Books
 b - a book of Necromancy

   Spells                             Type                      Level
   a - Pain                           Necromancy                   1
   b - Animate Skeleton               Necromancy                   1
   c - Vampiric Draining              Necromancy                   3
   d - Regeneration                   Charms/Necromancy            3
   e - Animate Dead                   Necromancy                   4
   f - Control Undead                 Necromancy                   4
 n - a book of Misfortune

   Spells                             Type                      Level
   a - Confusing Touch                Hexes                        1
   b - Confuse                        Hexes                        3
   c - Gell's Gravitas                Translocation                3
   d - Petrify                        Transmutation/Earth          4
   e - Metabolic Englaciation         Hexes/Ice                    5
   f - Yara's Violent Unravelling     Hexes/Transmutation          5
Comestibles
 c - 2 bread rations
 m - a meat ration


   Skills:
 + Level 1.8(1.2) Short Blades
 - Level 1.7(1.2) Dodging
 - Level 1.7(1.2) Stealth
 - Level 2.0(1.4) Spellcasting
 * Level 1.2(0.7) Charms
 * Level 7.6(6.9) Necromancy


You had 2 spell levels left.
You knew the following spells:

 Your Spells              Type           Power        Failure   Level  Hunger
a - Pain                  Necr           ####         1%          1    ##.....
b - Vampiric Draining     Necr           ####......   4%          3    ####...
c - Regeneration          Chrm/Necr      ###.......   19%         3    ####...


Dungeon Overview and Level Annotations

Branches:
Dungeon (5/15)
 Temple: D:4-7

Altars:


Innate Abilities, Weirdness & Mutations

You have sharp fingernails.


Message History

The gnoll barely misses you.
Found a stone staircase leading down.
Casting: Vampiric Draining
Confirm with . or Enter, or press ? or * to list all spells.
You don't have enough magic to cast that spell.
You hit the gnoll but do no damage.
The gnoll is poisoned.
The gnoll hits you but does no damage.
You hit the gnoll.
The gnoll looks as sick as possible!
The gnoll is lightly wounded.
The gnoll hits you with a spear.
* * * LOW HITPOINT WARNING * * *
Casting: Vampiric Draining
Confirm with . or Enter, or press ? or * to list all spells.
You don't have enough magic to cast that spell.
Unknown command.
Unknown command.
The gnoll hits you with a spear!
* * * LOW HITPOINT WARNING * * *
The hound bites you.
You die...

▒▒▒ ▒▒▒∙▒ ▒▒▒∙∙∙▒▒
▒▒▒∙∙∙∙∙∙▒
▒∙∙∙∙∙∙∙∙▒
∙∙∙∙∙∙∙∙∙▒
∙∙∙∙∙∙∙∙∙▒▒
∙∙∙∙∙∙%<@h▒▒▒
∙∙∙∙∙∙∙)g∙∙∙▒▒▒▒▒∙


∙∙∙∙∙∙∙∙∙∙∙∙∙∙∙∙∙∙ ∙∙∙∙∙∙∙∙∙∙▒▒▒∙∙∙∙∙ ∙∙∙∙∙∙∙∙∙∙▒ ▒∙∙∙ ∙∙∙∙∙∙∙∙∙▒▒ >∙ ∙∙∙∙∙∙∙∙▒▒
∙∙∙∙∙∙∙▒▒ ∙∙∙∙∙▒ You could see a hound and a gnoll.

Vanquished Creatures
  A necrophage (D:2)
  Robin (D:2)
  7 adders
  5 gnolls
  3 worms
  A leopard gecko (D:1)
  An orc (D:3)
  A ball python (D:3)
  9 giant cockroaches
  15 goblins
  13 hobgoblins
  8 jackals
  4 quokkas
  6 bats
  4 frilled lizards
  A jackal skeleton (D:4)
  5 kobolds
  9 rats
94 creatures vanquished.

Notes
Turn   | Place    | Note
-------+----------+-------------------------------------------
     0 | D:1      | Cab the Demonspawn Necromancer began the quest for the Orb.
     0 | D:1      | Reached XP level 1. HP: 13/13 MP: 3/3
   261 | D:1      | Gained mutation: You have sharp fingernails. [demonic ancestry]
   261 | D:1      | Reached XP level 2. HP: 15/19 MP: 0/5
   348 | D:1      | Reached skill level 5 in Necromancy
   882 | D:1      | Reached XP level 3. HP: 15/24 MP: 4/6
  1385 | D:2      | Learned a level 3 spell: Vampiric Draining
  1576 | D:2      | Reached skill level 6 in Necromancy
  1732 | D:2      | Noticed Robin
  1757 | D:2      | Reached XP level 4. HP: 12/30 MP: 0/7
  1791 | D:2      | Killed Robin
  1864 | D:2      | Learned a level 3 spell: Regeneration
  2077 | D:2      | Reached skill level 1 in Short Blades
  2168 | D:2      | Reached XP level 5. HP: 9/35 MP: 3/8
  2454 | D:2      | You fall through a shaft!
  2848 | D:3      | Reached skill level 7 in Necromancy
  3074 | D:3      | Noticed a necrophage
  3166 | D:2      | Killed a necrophage
  3166 | D:2      | Reached skill level 1 in Charms
  3166 | D:2      | Reached XP level 6. HP: 32/40 MP: 5/9
  3553 | D:5      | Entered Level 5 of the Dungeon
  3568 | D:5      | HP: 1/41 [gnoll/spear (8)]
  3568 | D:5      | Slain by a hound

Skill      XL: |  1  2  3  4  5 |
---------------+----------------+-----
Necromancy     | 5 6 7 |  7.6
Short Blades   | 1 |  1.8
Charms         | 1 |  1.2
Dodging        | |  1.7
Stealth        | |  1.7
Spellcasting   | |  2.0

Action                   |  1- 3 |  4- 6 || total
-------------------------+-------+-------++-------
Melee: Unarmed           |    14 |       ||    14
       Dagger            |    32 |   122 ||   154
 Cast: Pain              |    42 |    12 ||    54
       Vampiric Draining |     2 |    11 ||    13
       Regeneration      |       |     4 ||     4
  Use: Potion            |       |     4 ||     4
       Scroll            |       |     3 ||     3
 Stab: Distracted        |     1 |       ||     1
       Sleeping          |       |     5 ||     5
  Eat: Chunk             |     3 |     8 ||    11
Armor: Robe              |     8 |    16 ||    24
Dodge: Dodged            |    36 |    57 ||    93
Block: Buckler           |       |    11 ||    11
